 Dungeon Crawl Stone Soup version 0.29.0-4-gdea44cf6ec (webtiles) character file.

Game seed: 14511006527590551050

89 qw the Chopper (level 4, -4/26 HPs)
             Began as a Tengu Warper on Aug 28, 2022.
             Slain by a gnoll
             ... wielding a +3 spear
              (5 damage)
             ... on level 3 of the Dungeon.
             The game lasted 00:00:13 (2485 turns).

qw the Chopper (Tengu Warper)                       Turns: 2485, Time: 00:00:14

Health: -4/26      AC:  6    Str: 13    XL:     4   Next: 55%
Magic:  8/8        EV:  9    Int: 13    God:
Gold:   123        SH:  0    Dex: 14    Spells: 7/7 levels left

rFire   . . .      SeeInvis .   Y - +0 hand axe
rCold   . . .      Faith    .   (no shield)
rNeg    + . .      Spirit   .   p - +0 scale mail
rPois   +          Reflect  .   (helmet restricted)
rElec   .          Harm     .   (no cloak)
rCorr   .          Rampage  .   (no gloves)
Will    .....                   (boots unavailable)
Stlth   ..........              (no amulet)
HPRegen 0.08/turn               e - ring of positive energy
MPRegen 0.11/turn               o - ring of poison resistance

@: no status effects
A: beak, talons 3
a: no special abilities


You were on level 3 of the Dungeon.
You visited 1 branch of the dungeon, and saw 3 of its levels.

You collected 123 gold pieces.


Innate Abilities, Weirdness & Mutations

You have a beak for a mouth.
You have claws for feet.


   Skills:
 - Level 2.0 Fighting
 + Level 5.1 Axes
 - Level 1.0 Throwing
 - Level 1.1 Armour
 - Level 2.1 Dodging
 - Level 2.0 Spellcasting
 - Level 2.4 Translocations


You had 7 spell levels left.
You didn't know any spells.
Your spell library contained the following spells:

 Spells                   Type           Power      Damage    Failure   Level
 Blink                    Tloc           14%        N/A       56%         2
 Gell's Gravitas          Tloc           7%         N/A       80%         3
 Lesser Beckoning         Tloc           7%         N/A       80%         3
 Teleport Other           Tloc           7%         N/A       80%         3
 Manifold Assault         Tloc           7%         N/A       100%        5

Inventory:

Hand Weapons
 f - a +0 flail
 Y - a +0 hand axe (weapon)
Missiles
 c - 3 boomerangs (quivered)
Armour
 p - a +0 scale mail (worn)
Jewellery
 e - a ring of positive energy (left hand)
 o - a ring of poison resistance (right hand)
Scrolls
 a - 2 scrolls of identify
Potions
 b - 2 potions of degeneration {unknown}
 j - 3 potions of curing
 k - a potion of mutation {unknown}
 l - a potion of cancellation {unknown}
 m - a potion of heal wounds {unknown}
 n - a potion of invisibility {unknown}
 q - a potion of might

Dungeon Overview and Level Annotations

Branches:
Dungeon (3/15)

Altars:


Message History

You completely miss the hound. Your kick misses the hound.
Your peck misses the hound. You hit the bush. x2
The hound bites you.
A gnoll opens the door.
You barely miss the hound. Your kick misses the hound.
Your peck misses the hound. You hit the bush.
You hit the bush but do no damage. The hound closely misses you.
The hound bites you but does no damage.
You hit the hound but do no damage. Your kick misses the hound.
You hit the bush but do no damage. You hit the bush.
The hound bites you but does no damage. The gnoll barely misses you.
You miss the hound. You claw the hound, but do no damage.
You hit the bush but do no damage. x2
The hound misses you.
The gnoll hits you from afar with a +3 spear.
The hound bites you but does no damage.
You hit the hound. Your peck misses the hound.
The hound is lightly wounded.
You hit the bush but do no damage. x2
The hound barely misses you.
The gnoll hits you from afar with a +3 spear.
You barely miss the hound. You claw the hound.
The hound is lightly wounded.
You hit the bush but do no damage. x2
The hound barely misses you. The hound bites you. The gnoll barely misses you.
You barely miss the hound. You claw the hound.
The hound is heavily wounded.
You hit the bush but do no damage. x2
The hound closely misses you.
The gnoll hits you from afar with a +3 spear.
The hound bites you.
You barely miss the hound.
The hound is heavily wounded.
You hit the bush but do no damage. You hit the bush. The hound bites you.
The gnoll hits you from afar with a +3 spear.
You hit the hound. You claw the hound. Your peck misses the hound.
The hound is almost dead.
You hit the bush. You hit the bush but do no damage.
The hound barely misses you.
The gnoll hits you from afar with a +3 spear.
You die...

#........ .......
#.#.#.#.# .....#
#........
##+#....###...##...
........+.##.###... ##
#......#.##...#... #..
#......#.##.#.#...
#...#P.....#....#.#...
#..hh@..#.........+...
#+#g#P...........##...
# #..#.........# .
#..#............ .
#####........### #
#........# ####.....#
#####.# .#


You could see 2 hounds and a gnoll.

Vanquished Creatures
  Terence (D:2)
  An adder (D:2)
  A worm (D:3)
  2 bats (D:1)
  5 endoplasms
  2 giant cockroaches (D:1)
  7 goblins (D:1)
  4 hobgoblins
  3 jackals (D:1)
  5 kobolds
  3 quokkas (D:1)
  2 ball pythons
  2 frilled lizards (D:1)
  8 rats
46 creatures vanquished.

Vanquished Creatures (others)
  A fungus (D:1)
  A plant (D:1)
2 creatures vanquished.

Grand Total: 48 creatures vanquished

Notes
Turn   | Place    | Note
-------+----------+-------------------------------------------
     0 | D:1      | qw the Tengu Warper began the quest for the Orb.
     0 | D:1      | Reached XP level 1. HP: 12/12 MP: 4/4
     0 | D:1      | 0 ||| qw: Version: 0.1-a-89-g26bdef1
     0 | D:1      | 0 ||| qw: Game counter: 947
     0 | D:1      | 0 ||| qw: Always use a shield: true
     0 | D:1      | 0 ||| qw: God list: Okawaru
     0 | D:1      | 0 ||| qw: Allow faded altars: false
     0 | D:1      | 0 ||| qw: Do Orc after D:15 true
     0 | D:1      | 0 ||| qw: Do second Lair branch before Depths: true
     0 | D:1      | 0 ||| qw: Lair rune preference: random
     0 | D:1      | 0 ||| qw: Plans: Normal
     0 | D:1      | 0 ||| PLANNING D:1-11
    87 | D:1      | 87 ||| Stepping ~*~*~tactically~*~*~ (stealth).
    92 | D:1      | 92 ||| Stepping ~*~*~tactically~*~*~ (stealth).
   109 | D:1      | 109 ||| Stepping ~*~*~tactically~*~*~ (stealth).
   112 | D:1      | Reached XP level 2. HP: 17/17 MP: 6/6
   122 | D:1      | Reached skill level 3 in Axes
   136 | D:1      | 136 ||| Stepping ~*~*~tactically~*~*~ (stealth).
   138 | D:1      | 138 ||| Stepping ~*~*~tactically~*~*~ (stealth).
   325 | D:1      | 325 ||| Stepping ~*~*~tactically~*~*~ (stealth).
   497 | D:1      | 497 ||| Stepping ~*~*~tactically~*~*~ (stealth).
   517 | D:1      | 517 ||| Stepping ~*~*~tactically~*~*~ (stealth).
   518 | D:1      | 518 ||| Stepping ~*~*~tactically~*~*~ (stealth).
   592 | D:1      | Reached XP level 3. HP: 21/21 MP: 7/7
   783 | D:1      | Reached skill level 4 in Axes
   994 | D:1      | Found a faded altar of an unknown god.
  1256 | D:1      | 1256 ||| UPGRADING to +0 ring mail.
  1266 | D:1      | 1266 ||| DROPPING +0 leather armour.
  1267 | D:1      | 1267 ||| READING 2 scrolls labelled IZAZA ENWAGUH.
  1268 | D:1      | 1268 ||| READING scroll labelled WEGANA EWUM.
  1272 | D:1      | 1272 ||| DROPPING scroll of blinking.
  1840 | D:2      | 1840 ||| DROPPING +0 club.
  1855 | D:2      | Noticed Terence
  1868 | D:2      | Killed Terence
  1869 | D:2      | Reached skill level 5 in Axes
  1869 | D:2      | Reached XP level 4. HP: 8/26 MP: 8/8
  2089 | D:2      | 2089 ||| DROPPING +0 mace.
  2322 | D:2      | 2322 ||| UPGRADING to +0 scale mail.
  2332 | D:2      | 2332 ||| DROPPING +0 ring mail.
  2333 | D:2      | 2333 ||| UPGRADING to ring of positive energy.
  2334 | D:2      | 2334 ||| UPGRADING to ring of poison resistance.
  2335 | D:2      | 2335 ||| READING scroll labelled NUENGO EMAZI.
  2336 | D:2      | 2336 ||| READING scroll labelled DASKESTR MATAJA.
  2337 | D:2      | 2337 ||| DRINKING 4 smoky yellow potions.
  2338 | D:2      | 2338 ||| READING 3 scrolls of identify.
  2338 | D:2      | 2338 ||| IDENTIFYING coppery potion
  2339 | D:2      | 2339 ||| READING 2 scrolls of identify.
  2339 | D:2      | 2339 ||| IDENTIFYING brown potion
  2340 | D:2      | 2340 ||| DROPPING potion of lignification.
  2341 | D:2      | 2341 ||| DROPPING potion of flight.
  2484 | D:3      | HP: 1/26 [gnoll/+3 spear (6)]
  2485 | D:3      | Slain by a gnoll

Levels and vault maps discovered:
D:1:      elethiomel_arrival_fortress_basement, layout_loops_ring,
          dreamdust_ecumenical_altar_hidden_monk_grotto
D:2:      layout_basic, uniq_terence
D:3:      layout_basic, serial_shops, nicolae_diamond_shop, hex_medium,
          minmay_splitting_lines, chequers_serial_rivers_room_b, minivault_27,
          cheibrodos_gnoll_hut

Skill      XL: |  1  2  3 |
---------------+----------+-----
Axes           | 3 5 |  5.1
Fighting       | |  2.0
Throwing       | |  1.0
Armour         | |  1.1
Dodging        | |  2.1
Spellcasting   | |  2.0
Translocations | |  2.4

Action                   |  1- 3 |  4- 6 || total
-------------------------+-------+-------++-------
Melee: Hand axe          |    98 |    14 ||   112
       Kick              |    25 |     7 ||    32
       Peck              |    14 |       ||    14
       Punch             |     1 |       ||     1
Throw: Boomerang         |    18 |     8 ||    26
  Use: Scroll            |     2 |     4 ||     6
       Potion            |       |     1 ||     1
 Stab: Distracted        |     1 |       ||     1
Armor: Leather armour    |    18 |       ||    18
       Scale mail        |       |     3 ||     3
       Ring mail         |       |     1 ||     1
Dodge: Dodged            |    50 |     9 ||    59

Table legend:
 A = Non-vault XP
 B = Vault XP
 C = Vault XP percentage of total XP
 D = Non-vault monster count
 E = Vault monster count
 F = Vault count percentage of total count
                 A         B        C        D         E       F
            +---------+---------+-------+---------+---------+-------
      Total |      90 |      38 |  29.7 |      44 |       2 |   4.3
            +---------+---------+-------+---------+---------+-------
        D:1 |      56 |       2 |   3.4 |      33 |       1 |   2.9
        D:2 |      25 |      36 |  59.0 |       8 |       1 |  11.1
        D:3 |       9 |       0 |   0.0 |       3 |       0 |   0.0
            +---------+---------+-------+---------+---------+-------
